 Dungeon Crawl Stone Soup version 0.23.2-1-ga50397a (webtiles) character file.

Game seed: 18036883425308748905

114335 Kairos the Severer (level 17, -4/131 HPs)
             Began as a Formicid Fighter on Apr 21, 2019.
             Was a Believer of Uskayaw.
             Slain by a spark wasp (5 damage)
             ... on level 4 of the Spider Nest.
             The game lasted 00:50:53 (21822 turns).

Kairos the Severer (Formicid Fighter)              Turns: 21822, Time: 00:50:54

Health: -4/131     AC: 20    Str: 25    XL:     17   Next: 20%
Magic:  7/7        EV: 11    Int:  8    God:    Uskayaw [**....]
Gold:   1984       SH: 19    Dex:  5    Spells: 12/16 levels left

rFire    + + +     SeeInvis +   V - +6 battleaxe of Thoughtfulness {antimagic, rF+ rN+}
rCold    + . .     Gourm    .   u - +0 large shield
rNeg     + + +     Faith    .   W - +6 ring mail of Anaesthesia {rPois rN+++ Str-3 Dex-5}
rPois    +         Spirit   .   (helmet unavailable)
rElec    .         Reflect  .   (no cloak)
rCorr    .         Harm     .   x - +2 pair of gloves
MR       +....                  o - +0 pair of boots
Stlth    ++++......             s - amulet of regeneration
HPRegen  0.71/turn              S - ring of protection from fire
MPRegen  0.10/turn              n - ring of stealth

@: no status effects
A: permanent stasis, dig shafts and tunnels, four strong arms, antennae 3,
iridescent scales 1, cold resistance 1, fire resistance 1
a: Dig, Shaft Self, Stomp, Line Pass, Renounce Religion


You were on level 4 of the Spider Nest.
You worshipped Uskayaw.
Uskayaw was aware of your devotion.
You were not hungry.

You visited 4 branches of the dungeon, and saw 23 of its levels.
You also visited: Bailey.

You collected 1984 gold pieces.

Inventory:

Hand Weapons
 l - the +9 trident of Res Nullius {antimagic, rElec Int+4}
   (You found it on level 4 of the Lair of Beasts)

   It reduces the magical energy of the wielder, and disrupts the spells and
   magical abilities of those hit.
   Natural abilities and divine invocations are not affected.
   It affects your intelligence (+4).
   It insulates you from electricity.
 p - a +0 dire flail
 r - a +0 halberd
 A - a +7 battleaxe of freezing
 C - a +2 war axe of freezing
 R - a +1 glaive of freezing
 V - the +6 battleaxe of Thoughtfulness (weapon) {antimagic, rF+ rN+}
   (You found it on level 6 of the Lair of Beasts)

   It reduces the magical energy of the wielder, and disrupts the spells and
   magical abilities of those hit.
   Natural abilities and divine invocations are not affected.
   It protects you from fire.
   It protects you from negative energy.
Missiles
 b - 14 javelins of returning (quivered)
 D - 31 tomahawks
Armour
 o - a +0 pair of boots (worn)
 u - a +0 large shield (worn)
 x - a +2 pair of gloves (worn)
 E - a +0 crystal plate armour
 W - the +6 ring mail of Anaesthesia (worn) {rPois rN+++ Str-3 Dex-5}
   (You found it on level 6 of the Lair of Beasts)

   It affects your strength (-3).
   It affects your dexterity (-5).
   It protects you from poison.
   It renders you almost immune to negative energy.
Jewellery
 n - a ring of stealth (right hand)
 s - an amulet of regeneration (around neck)
 Q - an uncursed amulet of the acrobat
 S - a ring of protection from fire (left hand)
 U - an uncursed ring of magical power
 X - a +3 amulet of reflection
 Y - an uncursed amulet of guardian spirit
 Z - an uncursed ring of fire
Wands
 a - a wand of acid (34)
 q - a wand of flame (29)
 G - a wand of disintegration (2)
 H - a wand of digging (9)
 M - a wand of enslavement (25)
 N - a wand of random effects (30)
 P - a wand of iceblast (18)
Scrolls
 c - a scroll of immolation {unknown}
 i - 4 scrolls of fog
 v - 9 scrolls of amnesia
 w - a scroll of vulnerability
 y - 3 scrolls of remove curse
 z - 2 scrolls of acquirement
 B - 7 scrolls of enchant armour
 J - 3 scrolls of fear
Potions
 d - 2 potions of might
 e - 7 potions of brilliance
 g - 4 potions of mutation
 h - 4 potions of resistance
 j - a potion of magic
 k - 7 potions of curing
 m - 4 potions of agility
 t - 5 potions of heal wounds
 I - 3 potions of ambrosia
 K - 5 potions of cancellation {unknown}
 L - 4 potions of flight {unknown}
 T - 2 potions of lignification {unknown}
Miscellaneous
 F - a phantom mirror
Comestibles
 f - 30 rations
 O - a chunk of flesh


   Skills:
 + Level 11.3 Fighting
 - Level 19.9(20.0) Axes
 - Level 0.2(13.5) Maces & Flails
 + Level 1.3 Throwing
 + Level 9.9 Armour
 + Level 3.7 Dodging
 + Level 10.5 Stealth
 + Level 13.0 Shields
 * Level 8.2 Invocations
 + Level 1.1 Evocations


You had 12 spell levels left.
You knew the following spells:

 Your Spells              Type           Power        Failure   Level  Hunger
a - Passage of Golubria   Tloc           N/A          100%        4    #####..

Your spell library contained the following spells:

 Spells                   Type           Power        Failure   Level  Hunger
 Animate Skeleton         Necr           N/A          67%         1    ##.....
 Apportation              Tloc           #.....       67%         1    ##.....
 Beastly Appendage        Tmut           #.....       67%         1    ##.....
 Confusing Touch          Hex            #.....       67%         1    ##.....
 Flame Tongue             Conj/Fire      #....        67%         1    ##.....
 Summon Small Mammal      Summ           #...         67%         1    ##.....
 Shroud of Golubria       Chrm/Tloc      #.........   80%         2    ###....
 Sticks to Snakes         Tmut           #.......     80%         2    ###....
 Throw Flame              Conj/Fire      #.....       80%         2    ###....
 Confuse                  Hex            #.......     95%         3    ####...
 Conjure Flame            Conj/Fire      #.......     95%         3    ####...
 Gell's Gravitas          Tloc           #.........   95%         3    ####...
 Inner Flame              Hex/Fire       #.......     95%         3    ####...
 Lesser Beckoning         Tloc           #.........   95%         3    ####...
 Spider Form              Tmut/Pois      #.........   95%         3    ####...
 Teleport Other           Tloc           #.......     95%         3    ####...
 Ice Form                 Ice/Tmut       #.......     100%        4    #####..
 Petrify                  Tmut/Erth      #.......     100%        4    #####..
 Sticky Flame             Conj/Fire      #.......     100%        4    #####..
 Blade Hands              Tmut           #.........   100%        5    ######.
 Fireball                 Conj/Fire      #.........   100%        5    ######.
 Metabolic Englaciation   Hex/Ice        #.........   100%        5    ######.
 Yara's Violent Unravell  Hex/Tmut       #.........   100%        5    ######.
 Blink                    Tloc           Unusable     N/A         2    N/A

Dungeon Overview and Level Annotations

Branches:
Dungeon (12/15)            Temple (1/1) D:6            Lair (6/6) D:10
  Swamp (0/4) Lair:2       Spider (4/4) Lair:2        Slime (0/5) Lair:6
    Orc (0/2) D:9

Altars:
Ashenzari
Cheibriados
Dithmenos
Elyvilon
Fedhas
Gozag
Hepliaklqana
Kikubaaqudgha
Makhleb
Nemelex Xobeh
Okawaru
Qazlal
Ru
Sif Muna
Trog
Uskayaw
Vehumet
Wu Jian
Xom
Yredelemnul
Zin
The Shining One
Beogh

Portals:
Trove: D:11 (give +2 shadow dragon scales)

Annotations:
D:5 2 transporters
Lair:2 2 transporters, Zotugea's ghost, journeyman HOFi


Innate Abilities, Weirdness & Mutations

You cannot be hasted, slowed, berserked, paralysed or teleported.
You can dig through walls and to a lower floor.
Your four strong arms can wield two-handed weapons with a shield.
You have a pair of large antennae on your head. (SInv)
You are partially covered in iridescent scales. (AC +2)
Your flesh is cold resistant. (rC+)
Your flesh is heat resistant. (rF+)


Message History

The spark wasp's magic leaks into the air.
The spark wasp is almost dead.
You block the spark wasp's attack.
You miss the spark wasp.
The spark wasp is almost dead.
You block the spark wasp's attack.
You closely miss the spark wasp.
The spark wasp is almost dead.
You feel sick.
You are no longer poisoned.
The spark wasp stings you!
* * * LOW HITPOINT WARNING * * *
The spark wasp shocks you!
* * * LOW HITPOINT WARNING * * *
You feel much better. The spark wasp stings you!
* * * LOW HITPOINT WARNING * * *
The spark wasp shocks you!
* * * LOW HITPOINT WARNING * * *
The spark wasp stings you.
You die...

.#..........#.## {
#......#######.#
.^#..#.#...##.## {{ ≈#
..#^.#.#..(..## {{ .^^
^.#..#^......## ....
.....^.......^###########%.≈#
..#....###.....#..#.#.#.≈..^
#.^.##†.#.....†..#.....≈# {
^...#...###†...†@y....≈.#
##.............#^y#.#.#≈.≈...
..............######### #≈s.#
...#.^#...#^.## { ...
##.#..##.....# {{ ≈
#...#......### {{
#.#.......^^# ###......##.#
#^^.#.....###


You could see a spark wasp and a hornet.

Vanquished Creatures
  Jorgrun (Spider:2)
  2 ghost moths (Spider:4)
  Louise (Spider:1)
  3 emperor scorpions
  An entropy weaver (Spider:4)
  5 hydras
  7 death yaks
  2 two-headed ogres
  Sonja (Lair:2)
  2 unseen horrors (D:12)
  23 orb spiders
  2 ugly things (D:12)
  2 oklob plants
  3 manticores
  18 wolf spiders
  2 moths of wrath
  8 black mambas
  10 elephants
  A kobold demonologist (D:12)
  19 spiny frogs
  A gargoyle (D:12)
  5 rime drakes
  13 demonic crawlers
  11 komodo dragons
  36 jumping spiders
  A troll (D:11)
  7 polar bears
  13 hornets
  7 hippogriffs
  13 blink frogs
  67 redbacks
  A centaur simulacrum (D:10)
  Sigmund (D:3)
  14 spriggans
  22 tarantellas
  25 yaks
  A shadow (D:12)
  A wraith (D:10)
  5 wyverns
  A basilisk (Lair:3)
  Grum (D:10)
  A steam dragon (D:11)
  3 vampire mosquitoes (Spider:4)
  11 water moccasins
  7 porcupines
  5 ice beasts
  18 orc warriors
  4 sky beasts
  3 necrophages
  3 phantoms
  5 black bears
  An eye of draining (D:8)
  4 boggarts (Lair:6)
  3 ogres
  17 centaurs
  42 wolves
  13 crocodiles
  A big kobold (D:10)
  16 bullfrogs
  A gnoll sergeant (D:10)
  A wyvern zombie (D:8)
  6 scorpions
  5 killer bees (D:12)
  2 howler monkeys
  8 wights
  7 electric eels
  3 crimson imps
  2 centaur zombies
  A quasit (D:8)
  A bullfrog zombie (D:10)
  15 jellies
  3 hounds
  10 orc priests
  3 bullfrog skeletons
  A gnoll shaman (D:9)
  5 centaur skeletons
  Terence (D:3)
  13 orc wizards
  10 worker ants
  Natasha (twice) (D:2)
  2 iguanas
  A bullfrog simulacrum (D:10)
  2 hound skeletons
  A howler monkey zombie (D:11)
  11 gnolls
  3 howler monkey skeletons
  11 adders
  3 white imps (D:10)
  2 oozes (Lair:6)
  An adder skeleton (D:6)
  6 worms
  2 dart slugs
  5 leopard geckos
  83 orcs
  8 giant cockroaches
  12 goblins
  3 hobgoblins (D:3)
  27 jackals
  5 quokkas
  3 ball pythons
  7 bats
  3 frilled lizards
  10 kobolds
  2 quokka skeletons
  A quokka zombie (D:10)
  3 rats
  2 fungi (Lair:4)
  4 plants
839 creatures vanquished.

Vanquished Creatures (others)
  A redback (Spider:2)
  A hound (D:6)
  3 fungi
  2 plants (Lair:5)
7 creatures vanquished.

Grand Total: 846 creatures vanquished

Notes
Turn   | Place    | Note
-------+----------+-------------------------------------------
     0 | D:1      | Kairos the Formicid Fighter began the quest for the Orb.
     0 | D:1      | Reached XP level 1. HP: 18/18 MP: 1/1
    67 | D:1      | Reached XP level 2. HP: 23/24 MP: 2/2
   366 | D:2      | Found a hazy altar of Hepliaklqana.
   370 | D:2      | Reached XP level 3. HP: 24/29 MP: 3/3
   451 | D:2      | Found a stormy altar of Qazlal.
   589 | D:2      | Gained mutation: Your mind is acute. (Int +2) [potion of
                  | mutation]
   589 | D:2      | Gained mutation: You have sharp toenails. [potion of
                  | mutation]
   590 | D:2      | Lost mutation: You have sharp toenails. [potion of
                  | mutation]
   590 | D:2      | Lost mutation: Your mind is acute. (Int +2) [potion of
                  | mutation]
   590 | D:2      | Gained mutation: Your flesh is heat resistant. (rF+)
                  | [potion of mutation]
   590 | D:2      | Gained mutation: Your flesh is cold resistant. (rC+)
                  | [potion of mutation]
   590 | D:2      | Gained mutation: You are partially covered in iridescent
                  | scales. (AC +2) [potion of mutation]
   668 | D:2      | Reached XP level 4. HP: 24/35 MP: 4/4
   706 | D:2      | Noticed Natasha
   714 | D:2      | Killed Natasha
   714 | D:2      | Reached skill level 3 in Axes
   906 | D:2      | Noticed Natasha
   918 | D:2      | Killed Natasha
   918 | D:2      | Reached XP level 5. HP: 31/42 MP: 5/5
  1373 | D:3      | Noticed Terence
  1388 | D:3      | Killed Terence
  1555 | D:3      | You fall through a shaft!
  1605 | D:4      | Reached skill level 4 in Axes
  1619 | D:4      | Reached XP level 6. HP: 35/48 MP: 6/6
  1663 | D:4      | Found a deep blue altar of Sif Muna.
  1938 | D:3      | Noticed Sigmund
  1956 | D:3      | Killed Sigmund
  1956 | D:3      | Reached skill level 5 in Axes
  1956 | D:3      | Reached skill level 5 in Shields
  1956 | D:3      | Reached XP level 7. HP: 41/54 MP: 7/7
  2690 | D:4      | Reached skill level 6 in Axes
  2824 | D:5      | Entered Level 5 of the Dungeon
  2831 | D:5      | Found a basalt altar of Yredelemnul.
  3079 | D:5      | Reached XP level 8. HP: 60/60 MP: 8/8
  3083 | D:5      | Reached skill level 1 in Dodging
  3091 | D:5      | Reached skill level 7 in Axes
  3110 | D:5      | Found a transporter.
  3141 | D:5      | Found a transporter.
  3141 | D:5      | Found an opulent altar of Gozag.
  3142 | D:5      | Noticed a manticore
  3153 | D:5      | Found a glowing silver altar of Zin.
  3156 | D:5      | Found a white marble altar of Elyvilon.
  3451 | D:5      | Found an ancient bone altar of Kikubaaqudgha.
  3644 | D:6      | Found a staircase to the Ecumenical Temple.
  3667 | D:6      | Reached skill level 8 in Axes
  3677 | Temple   | Entered the Ecumenical Temple
  3906 | D:6      | Found a hide-covered altar of Uskayaw.
  3934 | D:6      | Became a worshipper of Uskayaw the Reveler
  3948 | D:6      | Found a shimmering altar of Xom.
  4016 | D:6      | Found a shadowy altar of Dithmenos.
  4098 | D:6      | Found a shimmering altar of Xom.
  4102 | D:6      | Reached * piety under Uskayaw
  4283 | D:6      | Reached ** piety under Uskayaw
  4292 | D:6      | Reached *** piety under Uskayaw
  4853 | D:7      | Found an iron altar of Okawaru.
  4908 | D:7      | Reached XP level 9. HP: 66/66 MP: 9/9
  4953 | D:7      | Reached **** piety under Uskayaw
  4954 | D:7      | Reached skill level 9 in Axes
  5064 | D:7      | Noticed a hornet
  5077 | D:7      | Killed a hornet
  5371 | D:7      | Reached skill level 1 in Stealth
  5388 | D:7      | Reached skill level 5 in Fighting
  5727 | D:8      | Found a flagged portal.
  5750 | D:8      | Reached skill level 10 in Axes
  5754 | D:8      | Reached skill level 5 in Armour
  5799 | Bailey   | Entered a bailey
  6199 | Bailey   | Reached XP level 10. HP: 62/74 MP: 10/10
  6552 | Bailey   | Reached skill level 1 in Throwing
  6556 | Bailey   | Reached ***** piety under Uskayaw
  6896 | D:8      | Found a shattered altar of Ashenzari.
  7114 | D:8      | Found a bloodstained altar of Trog.
  7354 | D:9      | Noticed a two-headed ogre
  7364 | D:9      | Killed a two-headed ogre
  7364 | D:9      | Reached skill level 11 in Axes
  7406 | D:9      | Found a staircase to the Orcish Mines.
  7641 | D:9      | Reached XP level 11. HP: 11/81 MP: 11/11
  7641 | D:9      | HP: 4/81 [gnoll/+0 spear of distortion (8)]
  8002 | D:9      | Found a sparkling altar of Nemelex Xobeh.
  8106 | D:9      | Found a glowing golden altar of the Shining One.
  8134 | D:9      | Found a roughly hewn altar of Beogh.
  8173 | D:10     | Entered Level 10 of the Dungeon
  8272 | D:10     | Reached skill level 5 in Stealth
  8355 | D:10     | Reached skill level 12 in Axes
  8456 | D:10     | Learned a level 4 spell: Passage of Golubria
  8530 | D:10     | Noticed a death yak
  8540 | D:10     | Killed a death yak
  8565 | D:10     | Noticed Grum
  8575 | D:10     | Killed Grum
  8578 | D:10     | Noticed an oklob plant
  8774 | D:10     | Reached skill level 13 in Axes
  9042 | D:10     | Found a staircase to the Lair.
  9050 | D:10     | Killed an oklob plant
  9050 | D:10     | Reached XP level 12. HP: 91/91 MP: 12/12
  9558 | D:11     | Found a portal to a secret trove of treasure.
  9722 | D:11     | Reached skill level 10 in Shields
  9965 | Lair:1   | Entered Level 1 of the Lair of Beasts
 10038 | Lair:1   | Reached skill level 14 in Axes
 10382 | Lair:1   | Noticed a five-headed hydra
 10388 | Lair:1   | Killed an eight-headed hydra
 10647 | Lair:2   | Found a staircase to the Swamp.
 10670 | Lair:2   | Noticed Zotugea's ghost (journeyman HOFi)
 10690 | Lair:2   | Found a transporter.
 10767 | Lair:2   | Noticed Sonja
 10774 | Lair:2   | Killed Sonja
 11113 | Lair:2   | Reached XP level 13. HP: 98/98 MP: 13/13
 11310 | Lair:2   | Reached skill level 15 in Axes
 11350 | Lair:2   | Found a hole to the Spider Nest.
 11392 | Lair:2   | Found a transporter.
 11593 | Lair:2   | Identified a scroll of acquirement
 11969 | Lair:3   | Noticed a six-headed hydra
 11995 | Lair:3   | Killed an 11-headed hydra
 12267 | Lair:3   | Reached skill level 1 in Evocations
 12504 | Lair:3   | You fall through a shaft for 3 floors!
 12504 | Lair:6   | Entered Level 6 of the Lair of Beasts
 12547 | Lair:6   | Found a staircase to the Slime Pits.
 12589 | Lair:6   | Reached skill level 16 in Axes
 12677 | Lair:4   | Got a transparent trident
 12678 | Lair:4   | Identified the +9 trident of Res Nullius {antimagic, rElec
                  | Int+4} (You found it on level 4 of the Lair of Beasts)
 13455 | Lair:5   | Reached XP level 14. HP: 49/106 MP: 14/14
 13726 | Lair:5   | Reached skill level 17 in Axes
 14285 | Lair:6   | Reached ****** piety under Uskayaw
 14322 | Lair:6   | Reached skill level 1 in Invocations
 14614 | Lair:6   | Reached XP level 15. HP: 73/114 MP: 17/17
 14798 | Lair:6   | Reached skill level 18 in Axes
 15037 | Lair:6   | Got a faintly glowing battleaxe
 15039 | Lair:6   | Got an ancient ring mail
 15042 | Lair:6   | Identified the +6 battleaxe of Thoughtfulness {antimagic,
                  | rF+ rN+} (You found it on level 6 of the Lair of Beasts)
 15053 | Lair:6   | Identified the +6 ring mail of Anaesthesia {rPois rN+++
                  | Str-3 Dex-5} (You found it on level 6 of the Lair of
                  | Beasts)
 16200 | Spider:1 | Entered Level 1 of the Spider Nest
 16521 | Spider:1 | Noticed Louise
 16536 | Spider:1 | Killed Louise
 16733 | Spider:1 | Reached skill level 10 in Fighting
 16760 | Spider:1 | Noticed an emperor scorpion
 17007 | Spider:1 | Killed an emperor scorpion
 17007 | Spider:1 | Reached skill level 5 in Invocations
 17622 | Spider:2 | Noticed Jorgrun
 17649 | Spider:2 | Killed Jorgrun
 17649 | Spider:2 | Reached skill level 19 in Axes
 17912 | Spider:2 | Reached XP level 16. HP: 86/122 MP: 6/20
 20376 | Spider:4 | Entered Level 4 of the Spider Nest
 20390 | Spider:4 | Reached skill level 10 in Stealth
 20435 | Spider:4 | HP: 6/124 [tarantella (4)]
 20687 | Spider:4 | HP: 2/124 [disintegration (50)]
 21223 | Spider:4 | Reached XP level 17. HP: 122/131 MP: 7/22
 21822 | Spider:4 | HP: 1/131 [spark wasp (16)]
 21822 | Spider:4 | Slain by a spark wasp

Skill      XL: |  1  2  3  4  5  6  7  8  9 10 11 12 13 14 15 16 17 |
---------------+----------------------------------------------------+-----
Shields        | 4 5 6 7 9 10 11 12 13 | 13.0
Axes           | 3 4 5 6 8 10 11 13 14 16 17 19 | 19.9
Armour         | 4 5 7 8 9 |  9.9
Fighting       | 4 5 6 7 8 9 10 11 | 11.3
Dodging        | 1 2 3 |  3.7
Stealth        | 1 4 5 6 8 9 10 | 10.5
Throwing       | 1 |  1.3
Evocations     | 1 |  1.1
Invocations    | 2 5 7 8 |  8.2
Maces & Flails | |  0.2

Action                   |  1- 3 |  4- 6 |  7- 9 | 10-12 | 13-15 | 16-18 || total
-------------------------+-------+-------+-------+-------+-------+-------++-------
Melee: War axe           |    94 |   153 |   288 |       |       |       ||   535
       Halberd           |       |       |    81 |    51 |     5 |       ||   137
       Battleaxe         |       |       |    79 |   429 |   762 |   468 ||  1738
       Dire flail        |       |       |       |       |    22 |       ||    22
       Trident           |       |       |       |       |     9 |       ||     9
Throw: Javelin           |       |       |     5 |     2 |     5 |       ||    12
       Tomahawk          |       |       |     3 |       |       |       ||     3
Invok: Stomp             |       |       |       |       |     1 |       ||     1
 Abil: Dig               |       |       |     3 |     3 |     9 |    30 ||    45
Evoke: Wand              |       |       |       |     6 |     3 |       ||     9
  Use: Scroll            |     6 |     1 |    11 |     3 |    13 |     1 ||    35
       Potion            |     2 |       |     1 |       |       |     4 ||     7
 Stab: Paralysed         |       |       |     7 |    36 |    84 |    46 ||   173
       Sleeping          |       |       |       |       |     4 |    16 ||    20
       Distracted        |       |       |       |       |       |     2 ||     2
  Eat: Chunk             |       |     4 |    14 |    15 |    12 |     6 ||    51
       Ration            |       |       |       |     1 |     3 |     3 ||     7
Armor: Scale mail        |    39 |       |       |       |       |       ||    39
       Chain mail        |     2 |    80 |   190 |     4 |       |       ||   276
       Crystal plate arm |       |       |       |   257 |   334 |       ||   591
       Plate armour      |       |       |       |     3 |       |       ||     3
       Ring mail         |       |       |       |       |    74 |   172 ||   246
Dodge: Dodged            |    36 |    47 |   112 |    81 |   160 |   179 ||   615
Block: Shield            |    61 |    75 |   237 |   303 |   354 |       ||  1030
       Large shield      |       |       |       |       |    97 |   412 ||   509
